Map: Deathaura LE

Players

A.I. 1 (Very Easy)

  • Race: Protoss Protoss
  • Spawn Location: 11:00

conn - Winner!

  • Race: Protoss Protoss
  • League: Gold
  • Spawn Location: 5:00

VOD

Have the link to the VOD?

Description

Time

  • Played on: Jan. 31, 2021, 7:08 p.m.
  • Length: 6:00
Show
View Real Time Build Order
Export as new Build Order

A.I. 1 (Very Easy) Protoss 

Build Orders:  

Get SALT Encoding   

  12  0:00  Probe  
  13  0:13  Probe  
  14  0:20  Pylon  
  14  0:36  Assimilator  
  14  0:43  Gateway  
  14  0:47  Pylon  
  14  1:14  Assimilator  
  14  1:17  Probe  
  14  1:25  Probe  
  16  1:33  Probe  
  16  1:34  Cybernetics Core  
  17  1:44  Probe  
  18  1:55  Probe  
  18  2:00  Warp Gate  
  19  2:03  Probe  
  20  2:11  Stalker  
  22  4:56  Stalker  
  22  4:59  Pylon  
  22  5:01  Pylon  
  20  5:17  Probe  
  20  5:24  Zealot  
  20  5:25  Probe  
  12  5:31  Cybernetics Core  
  12  5:35  Probe  
Show
View Real Time Build Order
Export as new Build Order

conn Protoss - Winner!

Build Orders: Blink Stalkers 

Get SALT Encoding   

  12  0:00  Probe  
  13  0:12  Probe  
  14  0:19  Pylon  
  14  0:24  Probe  
  15  0:37  Probe (Chrono Boost)  
  15  0:38  Gateway  
  16  0:45  Assimilator  
  16  0:49  Probe (Chrono Boost)  
  17  0:56  Probe (Chrono Boost)  
  18  1:01  Assimilator  
  18  1:10  Probe  
  18  1:11  Gateway  
  19  1:23  Probe  
  20  1:26  Cybernetics Core  
  20  1:35  Probe  
  20  1:38  Pylon  
  21  1:47  Probe  
  22  1:59  Probe  
  23  2:03  Stalker x2  
  27  2:18  Twilight Council  
  27  2:24  Pylon  
  27  2:28  Warp Gate  
  27  2:44  Gateway x2  
  27  2:49  Blink (Chrono Boost)  
  27  3:09  Pylon  
  27  3:14  Robotics Facility  
  27  3:23  Stalker  
  29  3:34  Stalker  
  31  3:58  Warp Prism (Chrono Boost)  
  33  4:07  Dark Shrine  
  33  4:20  Pylon  
  33  4:21  Stalker x2  
  37  4:27  Stalker  
  39  4:36  Stalker  
  41  5:00  Stalker  
  41  5:01  Stalker  
  45  5:10  Stalker  
  45  5:13  Stalker  
  49  5:35  Nexus  
  49  5:43  Dark Templar  
Tags
 
Composition
Blink Stalkers
League
Gold
Matchup
PvP
Spawn Locations
Cross Positions
Add a new tag
Caveats
  • Supply blocks, unpowered buildings, or Contaminate may cause inaccurate times.
  • Supply counts are checked every 10 seconds.